AoeStats
← PhreakShow

Nomad

512951663Analyzed
3v3 RM · 5d ago on Oct 11, 2026· 35m 35s· 6 players
Game mode
Random Map
Map size
210×210
Population
200
Speed
Normal
Resources
Standard
Victory
Conquest
Starting age
Dark Age
Ending age
Imperial Age
RankedLock teamsTeams togetherTeam positionsShared explorationLock speedFull tech treeHidden civsTurbo modeCheats
Victory
Defeat
🇨🇿 Vikings · Czechia
1268
+13
🇦🇷 Malians · Argentina
1148
+18
🇫🇷 Italians · France
1134
+19
vs
🇩🇪 Berbers · Germany
1206
-17
🇩🇪 Malay · Germany
1204
-17
🇩🇪 Tatars · Germany
1188
-16
Wallace
3:00 Loom
14:10 Feudal Age
20:23 Castle Age
19:11 Forging
20:32 Fletching
24:37 Town Watch
35:07 Bodkin Arrow
PhreakShow
4:53 Loom
14:05 Feudal Age
18:43 Castle Age
16:37 Fletching
16:57 Stone Mining
17:19 Scale Barding Armor
18:58 Double-Bit Axe
25:13 Horse Collar
25:52 Bodkin Arrow
27:30 Bow Saw
29:16 Redemption
32:33 Thumb Ring
35:22 Imperial Age
33:18 Gold Mining
34:07 Padded Archer Armor
ockm
9:45 Loom
13:51 Feudal Age
16:44 Horse Collar
18:27 Fletching
18:37 Padded Archer Armor
26:20 Castle Age
26:58 Bodkin Arrow
26:47 Elite Skirmisher
28:25 Leather Archer Armor
30:14 Ballistics
34:33 Imperial Age
36:26 Chemistry
35:53 Bracer
KissMyAxe
12:49 Feudal Age
14:10 Double-Bit Axe
16:56 Fletching
18:49 Padded Archer Armor
21:19 Loom
25:47 Castle Age
24:43 Horse Collar
26:10 Crossbowman
26:57 Thumb Ring
27:26 Leather Archer Armor
manbearpig
5:55 Loom
13:06 Feudal Age
14:16 Double-Bit Axe
16:17 Fletching
19:32 Town Watch
22:56 Castle Age
21:35 Fishing Lines
23:33 Bodkin Arrow
23:50 Medium Warships
25:00 Bow Saw
24:50 Gold Mining
25:23 Gillnets
27:12 Stone Mining
29:02 Scale Mail Armor
33:55 Imperial Age
32:26 Horse Collar
34:06 Chain Mail Armor
35:03 Conscription
35:38 Plate Mail Armor
35:56 Forging
JonBlack
13:15 Feudal Age
17:35 Castle Age
15:51 Loom
17:41 Double-Bit Axe
19:23 Horse Collar
19:54 Bow Saw
21:01 Wheelbarrow
22:04 Fletching
23:33 Loom
28:13 Imperial Age
26:44 Gold Mining
27:43 Heavy Plow
30:41 Hand Cart
31:20 Scale Mail Armor
32:35 Conscription
35:08 Guard Tower
Connection lost

Rejoining the realm…

Still unreachable

The connection could not be restored.

Session expired

The server has moved on; the page needs a fresh start.